 Dungeon Crawl Stone Soup version 0.29.1-12-g30fa7ad0bf (webtiles) character file.

Game seed: 7268408032344224563

42 JanusIIV the Cudgeller (level 3, 0/23 HPs)
             Began as a Gargoyle Berserker on Jan 11, 2023.
             Was a Believer of Trog.
             Slain by a ball python (2 damage)
             ... on level 1 of the Dungeon.
             The game lasted 00:01:51 (1012 turns).

JanusIIV the Cudgeller (Gargoyle Berserker)         Turns: 1012, Time: 00:01:51

Health: 0/23       AC:  5    Str: 22    XL:     3   Next: 54%
Magic:  3/3        EV: 11    Int:  7    God:    Trog [**....]
Gold:   0          SH:  0    Dex:  9    Spells: 2/2 levels left

rFire   . . .      SeeInvis .   a - +0 mace
rCold   . . .      Faith    .   (no shield)
rNeg    + . .      Spirit   .   b - +0 animal skin
rPois   ∞          Reflect  .   (no helmet)
rElec   +          Harm     .   g - scarf {repulsion}
rCorr   .          Rampage  .   (no gloves)
Will    .....                   (no boots)
Stlth   +.........              (no amulet)
HPRegen 0.07/turn               (no ring)
MPRegen 0.08/turn               (no ring)

@: on berserk cooldown, slowed, repel missiles, very slow
A: sickness immunity, AC +3, negative energy resistance 1, electricity
resistance, torment resistance 1, petrification resistance
a: Renounce Religion, Berserk, Trog's Hand


You were on level 1 of the Dungeon.
You worshipped Trog.
Trog was pleased with you.
You visited 1 branch of the dungeon, and saw 1 of its levels.

Inventory:

Hand Weapons
 a - a +0 mace (weapon)
Armour
 b - a +0 animal skin (worn)
 g - a scarf of repulsion (worn)
Jewellery
 i - a ring of see invisible
Scrolls
 h - a scroll of noise {unknown}
Potions
 c - a potion of lignification {unknown}
 d - a potion of degeneration {unknown}
 e - a potion of heal wounds {unknown}
 f - a potion of curing {unknown}
 j - a potion of attraction {unknown}


   Skills:
 - Level 3.2 Fighting
 + Level 4.4 Maces & Flails
 - Level 2.1 Armour
 - Level 1.5 Dodging


You had 2 spell levels left.
You didn't know any spells.
Your spell library was empty.

Dungeon Overview and Level Annotations

Branches:
Dungeon (1/15)

Altars:


Innate Abilities, Weirdness & Mutations

You are immune to sickness and miasma.
Your stone body is resilient. (AC +3)
You are immune to poison.
You resist negative energy. (rN+)
You are resistant to electric shocks. (rElec)
You are resistant to unholy torment.
You are immune to petrification.


Message History

The gnoll is moderately wounded.
The gnoll hits you with a +2 whip of freezing.
The gnoll freezes you. The goblin closely misses you.
You barely miss the gnoll.
The gnoll is moderately wounded.
The gnoll hits you with a +2 whip of freezing.
The gnoll freezes you. The goblin hits you with a +0 dagger.
A red film seems to cover your vision as you go berserk!
You feel yourself moving faster!
You feel mighty!
The gnoll hits you with a +2 whip of freezing.
* * * LOW HITPOINT WARNING * * *
The gnoll freezes you.
* * * LOW HITPOINT WARNING * * *
The goblin closely misses you.
You barely miss the gnoll.
The gnoll is moderately wounded.
The gnoll hits you with a +2 whip of freezing.
* * * LOW HITPOINT WARNING * * *
The gnoll freezes you.
* * * LOW HITPOINT WARNING * * *
The goblin closely misses you.
You sock the gnoll!
You kill the gnoll!
Trog accepts your kill. The goblin hits you with a +0 dagger.
* * * LOW HITPOINT WARNING * * *
You barely miss the bat. The bat barely misses you. The goblin misses you.
You thump the goblin!
You kill the goblin!
Trog accepts your kill. The bat hits you but does no damage.
You sock the bat!
You kill the bat!
Trog accepts your kill.
A ball python comes into view.
You feel a strong urge to attack something.
You are no longer berserk.
You are exhausted.
You feel yourself slow down. The ball python bites you.
You die...

#####
##....#8...8#..#...
....#
#....P#.###.##.....
###'#
#.##..'.#2#._#...##
~#~.# #.
#†P#.###.##.#.##
~~~.#
#.##..#8...8#..#.##
~8~.# #.#...#######
#.## ....#
#.#..))...... #.##
...♣# #...##.......
#... ♣.♣P# ##@##
....... #.## P.P##
#S# ....... #...
#<#P# #.# .......
###. .♣.## #.#
....... #. ♣#♣# #.#
##..##. #. # #.# #.
# #.. ## # ### #
####.# #


You could see a ball python.

Vanquished Creatures
  A gnoll (D:1)
  A dart slug (D:1)
  3 bats (D:1)
  An endoplasm (D:1)
  A giant cockroach (D:1)
  4 goblins (D:1)
  3 hobgoblins (D:1)
  3 quokkas (D:1)
  3 ball pythons (D:1)
  5 kobolds (D:1)
  2 rats (D:1)
27 creatures vanquished.

Notes
Turn   | Place    | Note
-------+----------+-------------------------------------------
     0 | D:1      | JanusIIV the Gargoyle Berserker began the quest for the
                  | Orb.
     0 | D:1      | Reached XP level 1. HP: 14/14 MP: 1/1
   405 | D:1      | Reached XP level 2. HP: 19/19 MP: 2/2
   895 | D:1      | Reached skill level 4 in Maces & Flails
   935 | D:1      | Reached ** piety under Trog
   936 | D:1      | Reached XP level 3. HP: 21/23 MP: 3/3
   991 | D:1      | Found a faded altar of an unknown god.
   991 | D:1      | Noticed a hell beast
  1012 | D:1      | Slain by a ball python

Illustrated notes

Levels and vault maps discovered:
D:1:      tarquinn_simple_flora_water_d, layout_loops_cross,
          dreamdust_ecumenical_altar_sealed_demon, minmay_misc_feat_rugged

Skill      XL: |  1  2 |
---------------+-------+-----
Maces & Flails | 4 |  4.4
Fighting       | |  3.2
Armour         | |  2.1
Dodging        | |  1.5

Action                   || total
-------------------------++-------
Melee: Mace              ||    83
Invok: Berserk           ||     1
Armor: Animal skin       ||    29
Dodge: Dodged            ||    70
